Map: Zen LE

Players

MaSa

  • Race: Terran Terran
  • Spawn Location: 1:00

thermostaat (uThermal) - Winner!

  • Race: Terran Terran
  • Spawn Location: 7:00

Event: Cheeseadelphia XI, Cheeseadelphia XI

VOD

Have the link to the VOD?

Description

Time

  • Played on: Dec. 15, 2019, 5:37 p.m.
  • Length: 8:25

All games in this series

Show
View Real Time Build Order
Export as new Build Order

MaSa Terran 

Build Orders: 1/1/1 

Get SALT Encoding   

  12  0:00  SCV  
  13  0:12  SCV  
  14  0:16  Supply Depot  
  14  0:25  SCV  
  15  0:29  Refinery  
  15  0:38  SCV  
  16  0:44  Barracks  
  16  0:50  SCV  
  17  1:02  SCV  
  18  1:14  SCV  
  19  1:31  Factory  
  19  1:32  Orbital Command, Marine  
  20  1:38  Supply Depot  
  20  1:50  Marine  
  21  1:58  SCV  
  22  2:09  Command Center, Marine  
  22  2:14  Hellion  
  25  2:18  SCV  
  26  2:27  Starport  
  26  2:28  Barracks Tech Lab  
  26  2:35  Supply Depot  
  26  2:37  SCV  
  26  2:43  Hellion  
  29  2:47  Refinery  
  29  2:53  SCV  
  29  2:56  Barracks Reactor  
  30  3:04  Hellion  
  32  3:06  SCV  
  33  3:14  Banshee  
  33  3:18  SCV  
  37  3:24  Orbital Command  
  37  3:27  Factory Tech Lab  
  37  3:30  SCV  
  37  3:33  Refinery  
  38  3:35  Marine  
  38  3:38  Marine  
  40  3:42  SCV  
  40  3:45  Cyclone  
  44  3:52  SCV, Marine  
  44  3:54  SCV  
  47  3:56  Marine  
  48  4:04  SCV, Supply Depot  
  48  4:06  SCV  
  48  4:08  Raven  
  52  4:10  Marine  
  52  4:14  Marine  
  54  4:20  SCV  
  52  4:24  SCV  
  52  4:26  Siege Tank  
  52  4:28  Marine  
  57  4:33  SCV  
  57  4:36  SCV  
  57  4:41  Marine  
  57  4:45  SCV  
  47  4:46  Marine  
  47  4:48  SCV  
  40  4:57  SCV  
  40  4:58  Siege Tank  
  40  4:59  Marine  
  41  5:00  SCV  
  38  5:09  SCV  
  38  5:10  Marine  
  38  5:12  SCV  
  38  5:13  Banshee  
  45  5:21  SCV  
  45  5:24  SCV  
  45  5:27  Supply Depot  
  46  5:32  Marine x2  
  46  5:33  SCV  
  48  5:36  Siege Tank  
  48  5:37  SCV  
  52  5:45  SCV  
  52  5:49  SCV  
  55  5:57  SCV  
  55  6:00  Command Center  
  55  6:01  SCV  
  56  6:08  Barracks  
  56  6:09  Barracks, SCV  
  56  6:11  Viking  
  59  6:13  SCV  
  60  6:20  Viking  
  60  6:21  SCV  
  60  6:25  SCV  
  63  6:34  SCV  
  63  6:37  Stimpack, SCV, Marine  
  66  6:41  Viking  
  66  6:42  Refinery  
  66  6:46  SCV  
  69  6:49  SCV  
  70  6:58  SCV  
  70  7:02  Supply Depot  
  70  7:03  Barracks Reactor x2, Supply Depot  
  70  7:10  Engineering Bay  
  70  7:11  Viking x2  
  70  7:14  Engineering Bay, SCV  
  75  7:16  Orbital Command  
  75  7:20  SCV  
  76  7:23  Marine  
  76  7:26  SCV  
  78  7:32  SCV, Siege Tank  
  82  7:38  SCV  
  82  7:41  Viking, Marine  
  86  7:44  SCV  
  86  7:46  SCV  
  86  7:50  SCV  
  87  7:56  SCV, Marine x4  
  78  7:58  SCV  
  78  7:59  Marine  
  78  8:02  SCV  
  76  8:08  SCV  
Show
View Real Time Build Order
Export as new Build Order

thermostaat Terran - Winner!

Build Orders:  

Get SALT Encoding   

  12  0:01  SCV  
  13  0:13  SCV  
  14  0:17  Supply Depot  
  14  0:25  SCV  
  14  0:27  Refinery  
  15  0:39  SCV  
  16  0:44  Barracks  
  16  0:51  SCV  
  16  0:54  Refinery  
  17  1:03  SCV  
  18  1:15  SCV  
  19  1:31  Orbital Command, Reaper  
  20  1:35  Factory  
  20  1:44  Supply Depot  
  20  1:56  SCV  
  21  2:03  Reaper  
  22  2:08  SCV  
  23  2:19  Hellion  
  25  2:26  Command Center  
  25  2:29  SCV  
  26  2:35  Barracks Reactor  
  26  2:40  Hellion  
  28  2:45  Starport  
  28  2:50  Supply Depot  
  28  2:52  SCV  
  29  3:01  Factory Tech Lab  
  29  3:04  SCV  
  30  3:11  Marine x2  
  32  3:17  SCV  
  33  3:20  Siege Tank  
  33  3:22  Medivac  
  38  3:29  SCV  
  39  3:37  Marine x2  
  39  3:38  Orbital Command  
  41  3:42  SCV  
  41  3:46  Refinery  
  42  3:54  SCV  
  42  3:55  Marine x2  
  43  4:01  Factory Tech Lab  
  45  4:03  Supply Depot  
  45  4:04  Raven  
  45  4:06  SCV  
  45  4:08  SCV  
  49  4:13  Marine x2  
  51  4:21  SCV  
  50  4:30  Siege Tank  
  50  4:31  Marine x2  
  53  4:32  SCV  
  56  4:45  SCV  
  54  4:49  Marine x2  
  54  4:50  SCV  
  50  4:59  SCV  
  49  5:02  SCV, Siege Tank  
  50  5:11  SCV, Command Center  
  50  5:14  SCV  
  52  5:18  Viking x2  
  56  5:25  SCV  
  56  5:26  Supply Depot  
  57  5:30  SCV  
  57  5:34  Siege Tank  
  61  5:37  SCV  
  61  5:40  Stimpack, Refinery  
  62  5:47  SCV, Marine  
  62  5:48  Supply Depot  
  64  5:53  Viking  
  64  5:55  SCV, Viking  
  69  6:02  SCV  
  70  6:07  Supply Depot  
  70  6:09  SCV, Siege Tank, Marine  
  75  6:11  Supply Depot  
  75  6:17  SCV  
  76  6:23  SCV, Viking  
  76  6:25  Viking  
  82  6:37  SCV  
  82  6:39  SCV  
  83  6:40  Engineering Bay x2  
  83  6:42  Siege Tank  
  86  6:49  SCV  
  86  6:52  SCV  
  86  6:53  Barracks  
  88  6:55  Barracks  
  88  6:57  Viking  
  88  7:01  Viking  
  89  7:07  Orbital Command, Marine  
  90  7:10  SCV  
  90  7:14  Siege Tank  
  90  7:15  SCV  
  95  7:25  SCV, Marine  
  95  7:28  SCV  
  98  7:32  Medivac  
  98  7:33  SCV  
  101  7:37  SCV  
  101  7:40  SCV  
  101  7:42  Barracks, Barracks Reactor x2  
  101  7:43  Barracks  
  103  7:45  SCV  
  103  7:49  SCV  
  105  7:53  SCV  
  105  7:57  SCV  
  105  8:01  SCV  
  105  8:03  Missile Turret  
  105  8:05  Missile Turret x2  
  104  8:06  SCV  
  104  8:12  SCV  
Tags
 
Add a new tag
Caveats
  • Supply blocks, unpowered buildings, or Contaminate may cause inaccurate times.
  • Supply counts are checked every 10 seconds.